 Dungeon Crawl Stone Soup version 0.25.0-8-gfd19cd77bd (webtiles) character file.

Game seed: 409796647113592511

22 DeadF the Sneak (level 2, -1/11 HPs)
             Began as a Felid Enchanter on June 16, 2020.
             Slain by a jackal (2 damage)
             ... on level 2 of the Dungeon.
             The game lasted 00:02:26 (1522 turns).

DeadF the Sneak (Felid Enchanter)                   Turns: 1522, Time: 00:02:28

Health: -1/11      AC:  1    Str:  4    XL:     2   Next: 68%
Magic:  3/6        EV: 19    Int: 16    God:
Gold:   69         SH:  0    Dex: 16    Spells: 2/5 levels left
                                        Lives:  0   Deaths: 0

rFire    . . .     SeeInvis +     - Unarmed
rCold    . . .     Gourm    .   (shield unavailable)
rNeg     . . .     Faith    .   (armour unavailable)
rPois    .         Spirit   .   (helmet unavailable)
rElec    .         Reflect  .   (cloak unavailable)
rCorr    .         Harm     .   (gloves unavailable)
MR       .....                  (boots unavailable)
Stlth    +++.......             (no amulet)
HPRegen  0.03/turn              (no ring)
MPRegen  0.10/turn              (no ring)

@: quick
A: very small, no armour, no weapons or thrown items, stealth, claws 1, fangs 3,
see invisible, carnivore, speed 1, shaggy fur 1, slow metabolism 1, sharp paws
a: no special abilities


You were on level 2 of the Dungeon.
You were completely stuffed.

You visited 1 branch of the dungeon, and saw 2 of its levels.

You collected 69 gold pieces.

Inventory:

Scrolls
 a - a scroll of teleportation {unknown}
 d - 3 scrolls of remove curse {unknown}
 f - a scroll of noise {unknown}
 h - a scroll of identify {unknown}
Potions
 c - a potion of cancellation {unknown}
 e - a potion of haste {unknown}
 g - a potion of stabbing {unknown}
Comestibles
 b - 6 rations
 i - 3 chunks of flesh


   Skills:
 + Level 3.6 Dodging
 + Level 4.9 Stealth
 - Level 1.0 Unarmed Combat
 - Level 2.0 Spellcasting
 - Level 4.4 Hexes


You had 2 spell levels left.
You knew the following spells:

 Your Spells              Type           Power        Failure   Level  Hunger
a - Corona                Hex            ###....      3%          1    #......
b - Ensorcelled Hibernat  Hex/Ice        #.....       13%         2    ###....

Your spell library contained the following spells:

 Spells                   Type           Power        Failure   Level  Hunger
 Confusing Touch          Hex            ###.....     11%         3    ###....
 Tukima's Dance           Hex            ###.....     11%         3    ###....
 Dazzling Flash           Conj/Hex       #.....       26%         3    ###....


Dungeon Overview and Level Annotations

Branches:
Dungeon (2/15)

Altars:


Innate Abilities, Weirdness & Mutations

You cannot wear armour.
You are incapable of wielding weapons or throwing items.
Your paws allow you to move quietly. (Stealth)
You have sharp claws.
You have razor-sharp teeth.
You have supernaturally acute eyesight. (SInv)
You are carnivorous and can eat meat at any time.
You cover ground quickly.
You are covered in fur. (AC +1)
You have a slow metabolism.
Your sharp claws are effective at attacking unaware monsters.


Message History

You are too injured to fight recklessly!
You are too injured to fight recklessly!
You closely miss the jackal.
The jackal is almost dead.
The jackal bites you.
* * * LOW HITPOINT WARNING * * *
You barely miss the jackal.
The jackal is almost dead.
The jackal bites you.
* * * LOW HITPOINT WARNING * * *
Unknown command.
Unknown command.
Casting: Corona (safe; 3% risk of failure)
Confirm with . or Enter, or press ? or * to list all spells.
Aiming: Ensorcelled Hibernation (safe; 13% risk of failure)
Press: ? - help, Shift-Dir - straight line, f/p - jackal
Aim: a jackal (almost dead, softly glowing, chance to defeat MR: 57%)
The jackal resists with significant effort.
The jackal bites you.
You die...

#.#..#.. #.#
#.#..#.# #.#
#.#..### #.#
#.#....# #.#
#.##.#.# #.#
#.##.#.# #.#
#.##.#.# #h#
#.##.#.# #@#
#.##.#.# #.#
#.##.#.# #.#
#.##.#.# #.#
#.## #.# #.#
#.<# #.# #)#
#### #.# #.# #.#
###.#########.#
#....รท........#


You could see a jackal (corona).

Vanquished Creatures
  2 giant cockroaches (D:1)
  3 goblins (D:1)
  5 hobgoblins
  A jackal (D:2)
  3 bats (D:1)
  A frilled lizard (D:2)
  A kobold (D:1)
  3 rats
19 creatures vanquished.

Vanquished Creatures (others)
  5 toadstools (D:1)
5 creatures vanquished.

Grand Total: 24 creatures vanquished

Notes
Turn   | Place    | Note
-------+----------+-------------------------------------------
     0 | D:1      | DeadF the Felid Enchanter began the quest for the Orb.
     0 | D:1      | Reached XP level 1. HP: 7/7 MP: 4/4
   425 | D:1      | Reached XP level 2. HP: 11/11 MP: 6/6
   441 | D:1      | Learned a level 2 spell: Ensorcelled Hibernation
  1522 | D:2      | Slain by a jackal

Illustrated notes

Levels and vault maps discovered:
D:1:      ldierk_walled_garden, layout_loops_ring, minmay_misc_feat_cross
D:2:      layout_basic

Skill      XL: |  1 |
---------------+----+-----
Dodging        | 3 |  3.6
Stealth        | |  4.9
Unarmed Combat | |  1.0
Spellcasting   | |  2.0
Hexes          | |  4.4

Action                   || total
-------------------------++-------
Melee: Unarmed           ||    74
       Bite              ||     3
 Cast: Corona            ||     8
       Ensorcelled Hiber ||     1
 Stab: Sleeping          ||     5
  Eat: Chunk             ||     9
Armor: Skin              ||    14
Dodge: Dodged            ||    57
